 Dungeon Crawl Stone Soup version 0.29-a0-780-g652cadfb38 (webtiles) character file.

Game seed: 9045425280965676054

148 Cthan the Shooter (level 4, 0/36 HPs)
             Began as a Demigod Hunter on July 2, 2022.
             Killed from afar by Dowan (7 damage)
             ... with a puff of flame
             ... on level 3 of the Dungeon.
             The game lasted 00:07:44 (3042 turns).

Cthan the Shooter (Demigod Hunter)                  Turns: 3042, Time: 00:07:45

Health: 0/36       AC: 11    Str: 12    XL:     4   Next: 82%
Magic:  6/6        EV: 12    Int: 11    God:
Gold:   80         SH:  0    Dex: 21    Spells: 3/3 levels left

rFire   . . .      SeeInvis .   a - +0 shortbow
rCold   . . .      Faith    .   (shield currently unavailable)
rNeg    . . .      Spirit   .   c - +0 leather armour
rPois   .          Reflect  .   (no helmet)
rElec   .          Harm     .   (no cloak)
rCorr   .          Rampage  .   m - +0 pair of gloves
Will    .....                   u - +2 pair of boots
Stlth   ++........              (no amulet)
HPRegen 0.12/turn               l - +4 ring of protection
MPRegen 0.10/turn               (no ring)

@: no status effects
A: high MP 1, forlorn, divine attributes
a: no special abilities


You were on level 3 of the Dungeon.
You visited 1 branch of the dungeon, and saw 4 of its levels.

You collected 155 gold pieces.
You spent 75 gold pieces at shops.

Inventory:

Hand Weapons
 a - a +0 shortbow (weapon)
Missiles
 q - 10 stones
Armour
 c - a +0 leather armour (worn)
 m - a +0 pair of gloves (worn)
 u - a +2 pair of boots (worn)
Jewellery
 l - a +4 ring of protection (left hand)
 s - a ring of see invisible
Scrolls
 b - a scroll of immolation
 d - 4 scrolls of identify {unknown}
 i - 3 scrolls of magic mapping {unknown}
 k - a scroll of fog {unknown}
 o - a scroll of acquirement {unknown}
 p - 2 scrolls of teleportation {unknown}
 r - a scroll of fear {unknown}
 v - a scroll of enchant armour {unknown}
 w - a scroll of amnesia {unknown}
Potions
 e - a potion of haste {unknown}
 f - a potion of lignification {unknown}
 g - 2 potions of brilliance {unknown}
 h - 2 potions of curing {unknown}
 j - a potion of invisibility {unknown}
 t - a potion of ambrosia {unknown}
 x - a potion of attraction {unknown}


   Skills:
 - Level 1.7 Fighting
 * Level 5.8 Ranged Weapons
 - Level 1.7 Dodging
 - Level 0.8 Stealth


You had 3 spell levels left.
You didn't know any spells.
Your spell library was empty.

Dungeon Overview and Level Annotations

Branches:
Dungeon (4/15)
 Temple: D:4-7

Shops:
D:2 ?

Annotations:
D:3 1 runed translucent door, exclusion: door, Dowan; Duvessa; aIck's ghost, amateur HOFi


Innate Abilities, Weirdness & Mutations

You have an increased reservoir of magic. (+10% MP)
You shall have no god before yourself.
Your divine heritage dramatically boosts your attributes as you level up.


Message History

Aim: Dowan, wielding a +0 dagger and wearing a +0 robe (lightly wounded)
You shoot an arrow. The arrow closely misses Dowan.
Fire: a) +0 shortbow
Press: ? - help, Q - select action, (/) - cycle Shift-Dir - straight line, f/p - Dowan
Aim: Dowan, wielding a +0 dagger and wearing a +0 robe (lightly wounded)
You shoot an arrow. The arrow barely misses Dowan.
Fire: a) +0 shortbow
Press: ? - help, Q - select action, (/) - cycle Shift-Dir - straight line, f/p - Dowan
Aim: Dowan, wielding a +0 dagger and wearing a +0 robe (lightly wounded)
You shoot an arrow. The arrow hits Dowan!
Dowan is heavily wounded.
Dowan casts a spell at you. You resist with some effort.
Fire: a) +0 shortbow
Press: ? - help, Q - select action, (/) - cycle Shift-Dir - straight line, f/p - Dowan
Aim: Dowan, wielding a +0 dagger and wearing a +0 robe (heavily wounded)
You shoot an arrow. The arrow barely misses Duvessa.
The arrow hits Dowan but does no damage.
Dowan is heavily wounded.
Fire: a) +0 shortbow
Press: ? - help, Q - select action, (/) - cycle Shift-Dir - straight line, f/p - Dowan
Aim: Dowan, wielding a +0 dagger and wearing a +0 robe (heavily wounded)
You shoot an arrow. The arrow hits Duvessa!
Duvessa is severely wounded.
Dowan casts a spell.
Dowan blinks!
Duvessa closely misses you.
Fire: a) +0 shortbow
Press: ? - help, Q - select action, (/) - cycle Shift-Dir - straight line, f/p - Dowan
Aim: Dowan, wielding a +0 dagger and wearing a +0 robe (heavily wounded)
You shoot an arrow. The arrow barely misses Dowan.
Dowan hits you but does no damage. Duvessa barely misses you.
Fire: a) +0 shortbow
Press: ? - help, Q - select action, (/) - cycle Shift-Dir - straight line, f/p - Dowan
Aim: Dowan, wielding a +0 dagger and wearing a +0 robe (heavily wounded)
You shoot an arrow. The arrow hits Dowan!
Dowan is severely wounded.
Dowan hits you but does no damage. Duvessa misses you.
Dowan points at you and mumbles some strange words.
The puff of flame hits you!
You die...

#.....# #.# # #.....#### #.#
# #........# #.# ##
#.....##.###.# #.
##.....##..##.## #.
#.........÷....###### #.
#..........#........#######.
#..........###.####e........
#.........e@e.....>.......#.
#.........÷###.#####........
#..........# #.####...######
####..#.#### #..[##.###
#..##.#######.....#
######.#.......)....##.#
#..........#######.....#
#..........#######...###
#..........##..........##


You could see Duvessa and Dowan.

Vanquished Creatures
  A hound (D:3)
  An orc priest (D:3)
  3 adders (D:3)
  2 dart slugs
  2 orcs (D:3)
  8 ball pythons
  2 endoplasms
  2 giant cockroaches (D:1)
  4 goblins
  8 hobgoblins
  2 jackals (D:1)
  2 kobolds
  5 quokkas
  5 bats
  2 frilled lizards
  3 rats
52 creatures vanquished.

Notes
Turn   | Place    | Note
-------+----------+-------------------------------------------
     0 | D:1      | Cthan the Demigod Hunter began the quest for the Orb.
     0 | D:1      | Reached XP level 1. HP: 17/17 MP: 3/3
   207 | D:1      | Reached skill level 4 in Ranged Weapons
   465 | D:1      | Reached XP level 2. HP: 24/24 MP: 4/4
  1155 | D:2      | Found Idwiabe's Magic Scroll Boutique.
  1168 | D:2      | Bought a scroll of blinking for 75 gold pieces
  1912 | D:2      | Reached XP level 3. HP: 29/29 MP: 5/5
  2119 | D:3      | Reached skill level 5 in Ranged Weapons
  2326 | D:3      | Reached XP level 4. HP: 33/36 MP: 6/6
  2679 | D:3      | Found a runed translucent door.
  2714 | D:3      | Noticed aIck's ghost (amateur HOFi)
  3022 | D:4      | Noticed Duvessa
  3022 | D:4      | Noticed Dowan
  3042 | D:3      | Killed from afar by Dowan

Illustrated notes

Levels and vault maps discovered:
D:1:      lemuel_arrival_funnel, layout_basic
D:2:      layout_basic, serial_shops, nicolae_shop_stone
D:3:      layout_rooms, gammafunk_ghost_grave, basic_ecumenical_altar,
          grunt_ministairs_7, st_stairs_9, minmay_fractal_squares_5
D:4:      layout_cave_pools, uniq_duvessa

Skill      XL: |  1  2  3 |
---------------+----------+-----
Ranged Weapons | 4 5 |  5.8
Fighting       | |  1.7
Dodging        | |  1.7
Stealth        | |  0.8

Action                   |  1- 3 |  4- 6 || total
-------------------------+-------+-------++-------
 Fire: Shortbow          |   109 |    57 ||   166
  Use: Scroll            |       |     1 ||     1
Armor: Leather armour    |    15 |    18 ||    33
Dodge: Dodged            |    50 |    36 ||    86

Table legend: (Time is in decaauts)
 A = Elapsed time spent in this place.
 B = Non-inter-level travel time spent in this place.
 C = Inter-level travel time spent in this place.
 D = Time resting spent in this place.
 E = Time spent auto-exploring this place.
 F = Levels seen in this place.
 G = Mean time per level.
                   A        B        C        D        E       F      G
               +--------+--------+--------+--------+--------+-----+--------+
         Total |   3090 |   3023 |     67 |    557 |   2016 |   4 |  772.5 |
       Dungeon |   3090 |   3023 |     67 |    557 |   2016 |   4 |  772.5 |
               +--------+--------+--------+--------+--------+-----+--------+

Top non-repeatable levels by time:
     D:2: 1036 daAuts
     D:1: 1026 daAuts
     D:3: 1012 daAuts
     D:4: 15 daAuts
